 Dungeon Crawl Stone Soup version 0.20.0-15-g7f486f2 (webtiles) character file.

112 Monsterracer the Chopper (level 4, -1/37 HPs)
             Began as a Minotaur Arcane Marksman on June 11, 2017.
             Killed by divine providence
             ... invoked by an orc priest
              (13 damage)
             ... on level 3 of the Dungeon.
             The game lasted 00:05:20 (2633 turns).

Monsterracer the Chopper (Minotaur Arcane Marksman) Turns: 2633, Time: 00:05:21

Health: -1/37      AC:  9    Str: 15    XL:     4   Next: 63%
Magic:  4/4        EV:  6    Int: 10    God:
Gold:   137        SH:  0    Dex: 11    Spells: 5/5 levels left

rFire    . . .     SeeInvis .   b - +1 hand axe (chop)
rCold    . . .     Gourm    .   (no shield)
rNeg     . . .     Faith    .   n - +0 chain mail
rPois    .         Spirit   .   (helmet restricted)
rElec    .         Reflect  .   (no cloak)
rCorr    .         Harm     .   (no gloves)
MR       +....                  q - +0 pair of boots
Stlth    ..........             t - amulet of regeneration
Regen    0.6/turn               i - ring of protection from magic
MPRegen  0.1/turn               j - ring of flight

@: no status effects
A: retaliatory headbutt, horns 2
a: Evoke Flight


You were on level 3 of the Dungeon.
You were hungry.

You visited 1 branch of the dungeon, and saw 3 of its levels.

You collected 137 gold pieces.

Inventory:

Hand Weapons
 b - a +1 hand axe of chopping (weapon)
 e - a +0 mace
Missiles
 c - 5 javelins (quivered)
 d - 2 throwing nets
Armour
 n - a +0 chain mail (worn)
 q - a +0 pair of boots (worn)
Jewellery
 i - a ring of protection from magic (left hand)
 j - a ring of flight (right hand)
 t - an amulet of regeneration (around neck)
Wands
 a - a wand of polymorph (6/24)
Scrolls
 h - 3 scrolls of identify
 l - a scroll of magic mapping
 o - a scroll of recharging
 r - a scroll of blinking {unknown}
 s - a scroll of amnesia
Potions
 k - a potion of curing
Comestibles
 f - 3 bread rations
 g - 2 meat rations
 p - 2 royal jellies


   Skills:
 - Level 2.7 Fighting
 + Level 4.6 Axes
 - Level 2.0 Throwing
 - Level 2.1 Dodging
 - Level 1.0 Spellcasting
   Level 2.0 Hexes


You had 5 spell levels left.
You didn't know any spells.

Dungeon Overview and Level Annotations

Branches:
Dungeon (3/15)

Altars:


Innate Abilities, Weirdness & Mutations

You reflexively headbutt those who attack you in melee.
You have a pair of horns on your head.


Message History

* * * LOW HITPOINT WARNING * * *
You closely miss the orc priest. Your headbutt misses the orc priest.
Your chain mail prevents you from hitting the orc priest.
The orc priest hits you but does no damage.
The orc priest barely misses you.
You barely miss the orc priest. Your headbutt misses the orc priest.
You hit the orc priest. The orc priest closely misses you.
You furiously retaliate!
You headbutt the orc priest. You hit the orc priest.
The orc priest is moderately wounded.
Your chain mail prevents you from hitting the orc priest.
The orc priest hits you but does no damage.
The orc priest hits you with a club.
* * * LOW HITPOINT WARNING * * *
You closely miss the orc priest.
The orc priest is moderately wounded.
You completely miss the orc priest.
The orc priest calls down the wrath of Beogh upon you.
Beogh smites you!
You die...

................#.##.#
......#'#########.##.#
......#.# #.##.###
#######.# ##......###
# #.# #...#.....# #
#.# #.#.###.#.# # #.#
#.# ...#.# #######.#
######.#######.#
........#
#....o@...)....#
#########
#....)o#########
#...$%.# #......# ##
#......# .# #.%....#
.# #......# .#
#......# .# ########


You could see 2 orc priests.

Vanquished Creatures
  4 adders (D:3)
  A worm (D:2)
  4 leopard geckos
  9 orcs (D:3)
  6 bats
  4 giant cockroaches
  10 goblins
  5 hobgoblins
  4 kobolds
  2 quokkas (D:3)
  4 frilled lizards
  4 rats
57 creatures vanquished.

Notes
Turn   | Place    | Note
-------+----------+-------------------------------------------
     0 | D:1      | Monsterracer the Minotaur Arcane Marksman began the quest for the Orb.
     0 | D:1      | Reached XP level 1. HP: 16/16 MP: 1/1
   508 | D:1      | Reached XP level 2. HP: 25/25 MP: 2/2
   861 | D:1      | Reached skill level 1 in Axes
  1154 | D:2      | Reached skill level 2 in Axes
  1321 | D:2      | Reached XP level 3. HP: 30/30 MP: 3/3
  1957 | D:3      | Reached skill level 3 in Axes
  1981 | D:3      | Reached XP level 4. HP: 15/37 MP: 4/4
  2408 | D:3      | Reached skill level 4 in Axes
  2633 | D:3      | Killed from afar by an orc priest

Skill      XL: |  1  2  3  4 |
---------------+-------------+-----
Fighting       | 2 |  2.7
Axes           | 2 3 4 |  4.6
Throwing       | |  2.0
Dodging        | |  2.1
Spellcasting   | |  1.0
Hexes          | |  2.0

Action                   |  1- 3 |  4- 6 || total
-------------------------+-------+-------++-------
Melee: Unarmed           |    18 |       ||    18
       Headbutt          |    11 |     8 ||    19
       Club              |     3 |       ||     3
       Hand axe          |    70 |    73 ||   143
Throw: Javelin           |     5 |       ||     5
  Use: Scroll            |     6 |     1 ||     7
       Potion            |     3 |     1 ||     4
 Stab: Sleeping          |     1 |       ||     1
  Eat: Chunk             |     3 |     2 ||     5
Armor: Robe              |     2 |       ||     2
       Leather armour    |     4 |       ||     4
       Ring mail         |     2 |       ||     2
       Chain mail        |    27 |    38 ||    65
Dodge: Dodged            |    47 |    24 ||    71
Block: Other             |    12 |    13 ||    25
       Reflection        |       |     1 ||     1
